 Dungeon Crawl Stone Soup version 0.25-a0-707-g603da07 (webtiles) character file.

Game seed: 7310834902737978890, levelgen mode: deterministic

23863 Trolling the Spear-Bearer (level 12, -1/124 HPs)
             Began as a Troll Fighter on Apr 4, 2020.
             Was a High Priest of Okawaru.
             Slain by an unseen horror (5 damage)
             ... on level 13 of the Dungeon.
             The game lasted 00:37:54 (10805 turns).

Trolling the Spear-Bearer (Troll Fighter)          Turns: 10805, Time: 00:37:54

Health: -1/124     AC: 11    Str: 31    XL:     12   Next: 75%
Magic:  12/12      EV: 10    Int:  4    God:    Okawaru [*****.]
Gold:   474        SH: 12    Dex:  9    Spells: 11/11 levels left

rFire    + . .     SeeInvis .   a - +10 lance "Wyrmbane" {slay drac, rPois rF+ rC+ AC+3}
rCold    + . .     Gourm    +   s - +0 kite shield
rNeg     . . .     Faith    .   n - +1 robe {MR+}
rPois    +         Spirit   .   (helmet restricted)
rElec    .         Reflect  .   w - +2 cloak
rCorr    +         Harm     .   (gloves unavailable)
MR       +....                  (boots unavailable)
Stlth    +.........             (no amulet)
HPRegen  0.70/turn              H - ring of resist corrosion
MPRegen  0.13/turn              L - +6 ring of slaying

@: about to teleport, marked, corroded, very slightly contaminated, studying
Stealth
A: large, unfitting armour, claws 3, thin metallic scales 1, fast metabolism 3,
gourmand, mutation resistance 1, regeneration 1, shaggy fur 1, tough skin 3
a: Heroism, Finesse, Renounce Religion


You were on level 13 of the Dungeon.
You worshipped Okawaru.
Okawaru was extremely pleased with you.
You were completely stuffed.

You visited 2 branches of the dungeon, and saw 14 of its levels.

You collected 674 gold pieces.
You spent 200 gold pieces at shops.

Inventory:

Hand Weapons
 a - the +10 lance "Wyrmbane" (weapon) {slay drac, rPois rF+ rC+ AC+3}
   (You took it off Maggie on level 6 of the Dungeon)

   It affects your AC (+3).
   It protects you from fire.
   It protects you from cold.
   It protects you from poison.
 b - a +2 hunting sling of freezing
 N - the +3 spear "Udwoquny" {vorpal, rElec}
   (You took it off an orc warrior on level 9 of the Dungeon)

   It inflicts extra damage upon your enemies.
   It insulates you from electricity.
Missiles
 j - 46 poisoned darts (quivered)
 k - 280 stones
 r - 8 boomerangs
 t - 3 throwing nets
 B - 110 sling bullets
 F - 11 atropa-tipped darts
 R - 3 curare-tipped darts
Armour
 n - a +1 robe of magic resistance (worn)
 s - a +0 kite shield (worn)
 w - a +2 cloak (worn)
 A - +0 acid dragon scales
Jewellery
 H - a ring of resist corrosion (left claw)
 L - a +6 ring of slaying (right claw)
Wands
 c - a wand of polymorph (9)
 y - a wand of disintegration (30)
 J - a wand of random effects (17)
 K - a wand of acid (8)
 M - a wand of digging (4)
 P - a wand of iceblast (1)
 Q - a wand of scattershot (11)
Scrolls
 e - a scroll of teleportation
 h - 2 scrolls of enchant armour
 l - 4 scrolls of remove curse
 m - 3 scrolls of fog
 u - a scroll of blinking
 v - 4 scrolls of magic mapping
 C - a scroll of immolation
 E - 3 scrolls of identify
 I - a scroll of enchant weapon
Potions
 f - a potion of lignification
 g - 2 potions of haste
 i - 6 potions of curing
 o - a potion of mutation
 p - a potion of flight
 q - a potion of invisibility
 z - a potion of might
 G - a potion of brilliance
Books
 S - a manual of Stealth
Comestibles
 d - 24 rations
 O - 9 chunks of flesh


   Skills:
 + Level 9.5 Fighting
 * Level 10.5 Polearms
 - Level 2.4 Dodging
 + Level 9.5 Shields
 - Level 9.0 Unarmed Combat
 - Level 2.1 Invocations


You had 11 spell levels left.
You didn't know any spells.
Your spell library contained the following spells:

 Spells                   Type           Power        Failure   Level  Hunger
 Sandblast                Erth           #.....       50%         1    ##.....
 Shock                    Conj/Air       #...         50%         1    ##.....
 Passwall                 Tmut/Erth      #.......     65%         2    ###....
 Swiftness                Chrm/Air       #.......     65%         2    ###....
 Static Discharge         Conj/Air       #.......     86%         3    ####...
 Stone Arrow              Conj/Erth      #.....       86%         3    ####...
 Airstrike                Air            #.........   99%         4    #####..
 Petrify                  Tmut/Erth      #.......     99%         4    #####..
 Lee's Rapid Deconstruct  Erth           #.........   100%        5    ######.
 Lightning Bolt           Conj/Air       #.........   100%        5    ######.


Dungeon Overview and Level Annotations

Branches:
Dungeon (14/15)            Temple (1/1) D:7            Lair (0/6) D:9
    Orc (0/2) D:10
 Vaults: D:13-14

Altars:
Cheibriados
Elyvilon
Fedhas
Gozag
Hepliaklqana
Makhleb
Nemelex Xobeh
Okawaru
Ru
Xom
Yredelemnul
The Shining One

Shops:
D:4 ?   D:8 }


Innate Abilities, Weirdness & Mutations

You are too large for most types of armour.
You have claws for hands.
Your metabolism is lightning-fast.
You like to eat raw meat.
Your natural rate of healing is unusually fast.
You are covered in fur. (AC +1)
You have extremely tough skin. (AC +3)
You are partially covered in thin metallic scales. (AC +2)
You are somewhat resistant to further mutation.


Message History

* * * LOW HITPOINT WARNING * * *
You block something's attack.
A hound comes into view.
You feel better. You block something's attack. Something hits you.
* * * LOW HITPOINT WARNING * * *
A slime creature comes into view.
You block something's attack.
Your centaur warrior skeleton barely misses the slime creature.
As you read the scroll of teleportation, it crumbles to dust.
You feel strangely unstable. Something hits you but does no damage.
Something completely misses you. Something hits you.
* * * LOW HITPOINT WARNING * * *
Your cyclops throws a large rock.
The large rock hits the slime creature!!
The large rock dissolves into shadows!
The slime creature hits you.
* * * LOW HITPOINT WARNING * * *
Something hits you but does no damage.
The hound bites your centaur warrior skeleton.
Something hits you.
You die...

..^. #.........
.:..##...........#
.......C....J..#
#..(.........#
#.....h......#
#..†.........#
#.......ZJ...#
##.......JJ..#
#........{@.#
#############


You could see 4 slime creatures, a hound, a friendly cyclops and a friendly
centaur warrior skeleton.

Vanquished Creatures
  A fire dragon (D:14)
  Josephine (D:14)
  A two-headed ogre (D:9)
  3 centaur warriors (D:14)
  Sonja (D:10)
  4 unseen horrors
  2 deep elf magi (D:14)
  A wolf spider (D:14)
  2 manticores
  3 ugly things
  Joseph (D:10)
  Psyche (D:10)
  Maggie (D:6)
  A freezing wraith (D:14)
  A komodo dragon (D:14)
  A meliai (D:14)
  Prince Ribbit (D:5)
  2 hornets
  4 hippogriffs
  Sigmund (D:2)
  8 wraiths
  A golden eye (shapeshifter) (D:14)
  18 yaks
  A steam dragon (D:9)
  3 acid dragons (D:14)
  2 water moccasins
  8 orc warriors
  2 ice beasts
  3 black bears
  Duvessa (D:4)
  3 sky beasts
  5 ogres
  2 phantoms
  5 centaurs
  A big kobold (D:10)
  7 bullfrogs
  Dowan (D:4)
  5 scorpions
  A wyvern skeleton (D:14)
  4 killer bees
  3 jellies
  16 wights
  5 howler monkeys
  2 crimson imps
  A quasit (D:9)
  2 bullfrog zombies (D:5)
  4 hounds
  A gnoll shaman (D:7)
  8 orc priests
  Crazy Yiuf (D:4)
  2 centaur skeletons
  An iguana (D:5)
  19 orc wizards
  8 worker ants
  A hound skeleton (D:10)
  A worker ant zombie (D:7)
  18 gnolls
  9 adders
  A shadow imp (D:5)
  An ooze (D:5)
  An adder skeleton (D:4)
  5 worms
  2 dart slugs
  9 leopard geckos
  53 orcs
  2 giant cockroaches
  6 goblins
  10 hobgoblins
  9 jackals
  4 quokkas
  2 ball pythons
  9 bats
  4 frilled lizards
  7 kobolds
  A leopard gecko zombie (D:7)
  9 rats
351 creatures vanquished.

Vanquished Creatures (collateral kills)
  An ugly thing (D:13)
1 creature vanquished.

Grand Total: 352 creatures vanquished

Notes
Turn   | Place    | Note
-------+----------+-------------------------------------------
     0 | D:1      | Trolling the Troll Fighter began the quest for the Orb.
     0 | D:1      | Reached XP level 1. HP: 22/22 MP: 0/0
   205 | D:1      | Reached XP level 2. HP: 25/29 MP: 1/1
   509 | D:1      | Reached XP level 3. HP: 36/36 MP: 2/2
   850 | D:2      | Noticed Sigmund
   899 | D:2      | Killed Sigmund
   899 | D:2      | Reached XP level 4. HP: 30/45 MP: 3/3
   899 | D:2      | Reached XP level 5. HP: 35/53 MP: 4/4
  1880 | D:3      | Reached XP level 6. HP: 61/61 MP: 5/5
  2140 | D:3      | Found a faded altar of an unknown god.
  2385 | D:3      | Reached skill level 5 in Unarmed Combat
  3028 | D:4      | Reached XP level 7. HP: 65/68 MP: 6/6
  3292 | D:4      | Found an opulent altar of Gozag.
  3315 | D:4      | Found Fuydion's Magic Scroll Boutique.
  3318 | D:4      | Bought a scroll of blinking for 75 gold pieces
  3318 | D:4      | Bought a scroll of magic mapping for 35 gold pieces
  3318 | D:4      | Bought a scroll of identify for 20 gold pieces
  3318 | D:4      | Bought a scroll of identify for 20 gold pieces
  3318 | D:4      | Bought a scroll of fog for 20 gold pieces
  3318 | D:4      | Bought a scroll of teleportation for 30 gold pieces
  3321 | D:4      | Gained mutation: You are partially covered in thin metallic
                  | scales. (AC +2) [potion of mutation]
  3321 | D:4      | Gained mutation: You are somewhat resistant to further
                  | mutation. [potion of mutation]
  3594 | D:4      | Noticed Duvessa
  3599 | D:4      | Noticed Dowan
  3638 | D:4      | Killed Duvessa
  3672 | D:4      | Killed Dowan
  3734 | D:4      | Found a runed translucent door.
  3735 | D:4      | Noticed Crazy Yiuf
  3862 | D:4      | Killed Crazy Yiuf
  3910 | D:5      | Entered Level 5 of the Dungeon
  3929 | D:5      | Reached XP level 8. HP: 79/79 MP: 7/7
  4347 | D:5      | Reached skill level 5 in Shields
  4560 | D:6      | Noticed Prince Ribbit
  4580 | D:6      | Reached skill level 5 in Fighting
  5307 | D:5      | Killed Prince Ribbit
  5307 | D:5      | Reached XP level 9. HP: 60/88 MP: 8/8
  5400 | D:6      | Noticed Maggie
  5420 | D:6      | Killed Maggie
  5509 | D:6      | Reached skill level 1 in Polearms
  5951 | D:7      | Reached skill level 2 in Polearms
  6152 | D:7      | Reached skill level 3 in Polearms
  6535 | D:7      | Found a staircase to the Ecumenical Temple.
  6606 | Temple   | Entered the Ecumenical Temple
  6612 | Temple   | Became a worshipper of Warmaster Okawaru
  6729 | D:7      | Found a hazy altar of Hepliaklqana.
  6746 | D:7      | Found a glowing golden altar of the Shining One.
  6782 | D:8      | Reached skill level 1 in Invocations
  6782 | D:8      | Reached XP level 10. HP: 97/100 MP: 9/9
  6793 | D:8      | Reached skill level 4 in Polearms
  6874 | D:8      | Found Acal's Gadget Boutique.
  6874 | D:8      | Found an iron altar of Okawaru.
  7035 | D:8      | Reached * piety under Okawaru
  7358 | D:8      | Reached skill level 5 in Polearms
  7440 | D:8      | Found a faded altar of an unknown god.
  7440 | D:8      | Found a basalt altar of Yredelemnul.
  7445 | D:8      | Found a shimmering altar of Xom.
  7447 | D:8      | Found a faded altar of an unknown god.
  7449 | D:8      | Found a burning altar of Makhleb.
  7489 | D:8      | Noticed a manticore
  7500 | D:8      | Killed a manticore
  7500 | D:8      | Reached ** piety under Okawaru
  7546 | D:8      | Found a basalt altar of Yredelemnul.
  7792 | D:9      | Identified the +3 spear "Udwoquny" {vorpal, rElec}
  8041 | D:9      | Reached skill level 6 in Polearms
  8084 | D:9      | Noticed a two-headed ogre
  8092 | D:9      | Killed a two-headed ogre
  8092 | D:9      | Reached *** piety under Okawaru
  8315 | D:9      | Found a staircase to the Lair.
  8338 | D:9      | Found a snail-covered altar of Cheibriados.
  8472 | D:10     | Entered Level 10 of the Dungeon
  8558 | D:10     | Reached XP level 11. HP: 96/109 MP: 11/11
  8649 | D:10     | Noticed Sonja
  8699 | D:10     | Killed Sonja
  8835 | D:10     | Noticed Joseph
  8846 | D:10     | Killed Joseph
  8846 | D:10     | Reached **** piety under Okawaru
  8846 | D:10     | Reached skill level 7 in Polearms
  8870 | D:10     | Killed an unseen horror
  8962 | D:10     | Killed an unseen horror
  9072 | D:10     | Found a staircase to the Orcish Mines.
  9087 | D:10     | Noticed a purple ugly thing
  9094 | D:10     | Killed a purple ugly thing
  9181 | D:10     | Reached ***** piety under Okawaru
  9184 | D:10     | Noticed Psyche
  9203 | D:10     | Killed an unseen horror
  9203 | D:10     | Reached skill level 8 in Polearms
  9352 | D:10     | Killed Psyche
 10007 | D:11     | Noticed a cyan ugly thing
 10018 | D:11     | Killed a cyan ugly thing
 10018 | D:11     | Received a gift from Okawaru
 10173 | D:11     | You fall into a shaft and drop 3 floors!
 10208 | D:14     | Noticed a deep elf mage
 10216 | D:14     | Noticed Josephine
 10242 | D:14     | Killed Josephine
 10242 | D:14     | Reached skill level 9 in Polearms
 10242 | D:14     | Reached XP level 12. HP: 85/122 MP: 12/12
 10319 | D:14     | Noticed a fire dragon
 10328 | D:14     | Killed a fire dragon
 10341 | D:14     | Noticed a vampire knight
 10577 | D:14     | Identified the +1 robe of Tartarus {Str+3}
 10577 | D:14     | Noticed a centaur warrior
 10582 | D:14     | Killed a centaur warrior
 10602 | D:14     | Reached skill level 10 in Polearms
 10669 | D:14     | Noticed a centaur warrior
 10673 | D:14     | Killed a centaur warrior
 10674 | D:14     | Noticed a centaur warrior
 10685 | D:14     | Killed a centaur warrior
 10685 | D:14     | Received a gift from Okawaru
 10764 | D:14     | Noticed a tengu warrior
 10793 | D:14     | Noticed a tengu reaver
 10798 | D:13     | HP: 3/124 [something (5)]
 10798 | D:13     | HP: 1/124 [something (2)]
 10804 | D:13     | HP: 3/124 [slime creature (6)]
 10805 | D:13     | Slain by an unseen horror

Levels and vault maps discovered:
D:1:      lemuel_arrival_broad_hall, layout_rooms
D:2:      layout_basic, first_ration, uniq_sigmund
D:3:      layout_basic, chequers_ecumenical_altar_simple
D:4:      layout_cave_pods, nicolae_overflow_hidden_temple, serial_forest,
          infiniplex_forest_clump_tiny, infiniplex_forest_clump_large,
          infiniplex_forest_clump_large, infiniplex_forest_lined_room_2,
          infiniplex_forest_end_1, infiniplex_forest_straight_3, serial_shops,
          kennysheep_mini_moat, uniq_crazy_yiuf_cottage, uniq_duvessa
D:5:      layout_rooms, minmay_misc_feat_tower, kennysheep_generic_room_13
D:6:      layout_loops_ring, uniq_maggie, uniq_prince_ribbit1
D:7:      layout_rooms, marbit_many_paths, minmay_temple_entry_glassed_door,
          grunt_ogre_cave, tso_altar
D:8:      layout_basic, chequers_temple_overflow_minitemple, basic_altar,
          serial_shops, shop, yredelemnul_altar_generic
D:9:      layout_roguey, cheibriados_altar_1, lair_entry_dummy
D:10:     layout_loops_ring, orc_0_dummy, minmay_misc_feat_more_columns,
          uniq_joseph, uniq_sonja, uniq_psyche
D:11:     layout_basic
D:13:     layout_roguey, grunt_vaults_entry_fortified, feat_on_display,
          uniq_jorgrun
D:14:     minmay_complete_graph, layout_gridville,
          gammafunk_ghost_berserking_beasts, uniq_josephine
Temple:   eino_temple_rhombus

Skill      XL: |  1  2  3  4  5  6  7  8  9 10 11 12 |
---------------+-------------------------------------+-----
Unarmed Combat | 4 5 6 8 9 |  9.0
Fighting       | 3 4 5 6 7 8 9 |  9.5
Shields        | 3 4 5 6 7 8 9 |  9.5
Polearms       | 3 6 9 10 | 10.5
Invocations    | 1 2 |  2.1
Dodging        | |  2.4

Action                   |  1- 3 |  4- 6 |  7- 9 | 10-12 || total
-------------------------+-------+-------+-------+-------++-------
Melee: Unarmed           |   116 |   169 |   391 |    27 ||   703
       Lance             |       |       |       |   512 ||   512
 Fire: Hunting sling     |       |       |     3 |       ||     3
Throw: Dart              |       |     3 |       |     1 ||     4
Invok: Heroism           |       |       |       |     1 ||     1
Evoke: Wand              |       |       |       |     5 ||     5
  Use: Potion            |     1 |       |     1 |     4 ||     6
       Scroll            |       |     6 |     8 |     9 ||    23
 Stab: Sleeping          |     1 |     1 |       |     2 ||     4
  Eat: Chunk             |    13 |    21 |    34 |    37 ||   105
Armor: Robe              |    82 |    46 |   137 |   185 ||   450
Dodge: Dodged            |    70 |    35 |   104 |    91 ||   300
Block: Kite shield       |    92 |    77 |   180 |   185 ||   534

Table legend:
 A = Non-vault XP
 B = Vault XP
 C = Vault XP percentage of total XP
 D = Non-vault monster count
 E = Vault monster count
 F = Vault count percentage of total count
                 A         B        C        D         E       F
            +---------+---------+-------+---------+---------+-------
      Total |   23051 |   11039 |  32.4 |     321 |      31 |   8.8
            +---------+---------+-------+---------+---------+-------
        D:1 |      43 |       0 |   0.0 |      27 |       0 |   0.0
        D:2 |      79 |     227 |  74.2 |      15 |       1 |   6.2
        D:3 |     209 |       0 |   0.0 |      31 |       0 |   0.0
        D:4 |     602 |     250 |  29.3 |      24 |       3 |  11.1
        D:5 |     763 |     274 |  26.4 |      28 |       1 |   3.4
        D:6 |     960 |     389 |  28.8 |      28 |       1 |   3.4
        D:7 |    1297 |     180 |  12.2 |      35 |       2 |   5.4
        D:8 |    2803 |       0 |   0.0 |      28 |       0 |   0.0
        D:9 |    2828 |       0 |   0.0 |      22 |       0 |   0.0
       D:10 |    5977 |    1640 |  21.5 |      43 |       3 |   6.5
       D:11 |    1418 |       0 |   0.0 |      15 |       0 |   0.0
       D:13 |     284 |       0 |   0.0 |       1 |       0 |   0.0
       D:14 |    5788 |    8079 |  58.3 |      24 |      20 |  45.5
            +---------+---------+-------+---------+---------+-------
